 Dungeon Crawl Stone Soup version 0.20.1-1-g8b1a95d (webtiles) character file.

230 WiZmei the Covered (level 6, -9/38 HPs)
             Began as a Gargoyle Fighter on Dec 4, 2017.
             Mangled by an ogre
             ... wielding a +0 giant spiked club
              (28 damage)
             ... on level 4 of the Dungeon.
             The game lasted 00:04:18 (2732 turns).

WiZmei the Covered (Gargoyle Fighter)               Turns: 2732, Time: 00:04:19

Health: -9/38      AC: 12    Str: 20    XL:     6   Next: 3%
Magic:  6/6        EV:  7    Int:  9    God:
Gold:   99         SH:  9    Dex: 10    Spells: 5/5 levels left

rFire    x . .     SeeInvis .   a - +0 flail
rCold    + . .     Gourm    .   c - +0 shield
rNeg     + . .     Faith    .   b - +0 scale mail
rPois    ∞         Spirit   .   (no helmet)
rElec    +         Reflect  .   (no cloak)
rCorr    .         Harm     .   (no gloves)
MR       .....                  r - +0 pair of boots
Stlth    ..........             (no amulet)
Regen    0.2/turn               o - ring of ice
MPRegen  0.1/turn               (no ring)

@: no status effects
A: negative energy resistance 1, electricity resistance, unbreathing,
petrification resistance, rot immunity, AC +4
a: no special abilities


You were on level 4 of the Dungeon.
You were not hungry.

You visited 1 branch of the dungeon, and saw 4 of its levels.

You collected 99 gold pieces.

Inventory:

Hand Weapons
 a - a +0 flail (weapon)
Armour
 b - a +0 scale mail (worn)
 c - a +0 shield (worn)
 r - a +0 pair of boots (worn)
Jewellery
 o - a ring of ice (left hand)
Scrolls
 e - 2 scrolls of fear
 h - 2 scrolls of remove curse
 i - a scroll of enchant armour {unknown}
 j - a scroll of immolation {unknown}
 k - 2 scrolls of identify {unknown}
 n - a scroll of amnesia {unknown}
 q - 2 scrolls of blinking {unknown}
 s - 2 scrolls of teleportation {unknown}
Potions
 d - 3 potions of might
 g - 3 potions of curing {unknown}
 m - 2 potions of haste {unknown}
 p - a potion of magic {unknown}
Comestibles
 f - a bread ration
 l - 2 meat rations
 t - 3 chunks of flesh


   Skills:
 + Level 4.1 Fighting
 * Level 4.0 Maces & Flails
 + Level 4.5 Armour
 + Level 4.4 Shields


You had 5 spell levels left.
You didn't know any spells.

Dungeon Overview and Level Annotations

Branches:
Dungeon (4/15)
 Temple: D:4-7

Altars:


Innate Abilities, Weirdness & Mutations

You are resistant to torment.
Your stone body is resilient. (AC +4)
You are immune to poison.
You resist negative energy. (rN+)
You are resistant to electric shocks. (rElec)
You can survive without breathing.
You are immune to petrification.
You are immune to rotting.


Message History

The gnoll hits you but does no damage. The howler monkey hits you.
You hit the gnoll.
You kill the gnoll!
You have reached level 6!
Your experience leads to an increase in your attributes!
Increase (S)trength, (I)ntelligence, or (D)exterity?
You feel agile. You block the howler monkey's attack.
The howler monkey hoots and howls with incredible vigour!
You block the ogre's attack.
You barely miss the ogre. You block the howler monkey's attack.
You sock the ogre!
The ogre is moderately wounded.
You block the ogre's attack. You block the howler monkey's attack.
The howler monkey hits you but does no damage.
You barely miss the ogre.
The ogre is moderately wounded.
The ogre hits you with a giant spiked club!!
Ouch! That really hurt!
You die...

..#...........)......#..
...................###
#.........###.....##
#.......##.....##
##...........#.##
###...####.###....#...
#.#...+## ### #g.......
#.....# #O##.....
##..#.# #@# .####
#.##.+## # #h# #
#.###..####.###..
...###............
.....###...#....#...
......##.###...# ####
..............##
..............#
..............##


You could see an ogre, a howler monkey and a gnoll.

Vanquished Creatures
  A howler monkey (D:4)
  An orc priest (D:3)
  An orc wizard (D:3)
  A worker ant zombie (D:3)
  2 gnolls (D:4)
  3 adders (D:2)
  A worm (D:2)
  4 leopard geckos
  6 orcs (D:3)
  2 ball pythons (D:1)
  4 bats
  2 giant cockroaches (D:2)
  3 goblins (D:1)
  3 hobgoblins
  8 jackals
  4 kobolds
  A quokka (D:2)
  4 frilled lizards
  8 rats
59 creatures vanquished.

Notes
Turn   | Place    | Note
-------+----------+-------------------------------------------
     0 | D:1      | WiZmei the Gargoyle Fighter began the quest for the Orb.
     0 | D:1      | Reached XP level 1. HP: 14/14 MP: 1/1
   148 | D:1      | Reached XP level 2. HP: 16/19 MP: 2/2
   678 | D:2      | Reached XP level 3. HP: 14/23 MP: 3/3
  1149 | D:2      | Reached XP level 4. HP: 29/29 MP: 4/4
  2336 | D:3      | Reached XP level 5. HP: 33/33 MP: 5/5
  2716 | D:4      | Noticed an ogre
  2729 | D:4      | Reached XP level 6. HP: 18/38 MP: 6/6
  2732 | D:4      | Mangled by an ogre

Skill      XL: |  1  2  3  4  5 |
---------------+----------------+-----
Maces & Flails | 3 4 |  4.0
Shields        | 4 |  4.4
Fighting       | 4 |  4.1
Armour         | 4 |  4.5

Action                   |  1- 3 |  4- 6 || total
-------------------------+-------+-------++-------
Melee: Flail             |   125 |   131 ||   256
  Use: Scroll            |       |     2 ||     2
  Eat: Chunk             |     1 |     5 ||     6
Armor: Scale mail        |    97 |    63 ||   160
Dodge: Dodged            |    51 |    51 ||   102
Block: Shield            |    84 |    75 ||   159
